Map: Port Aleksander LE

Players

Future - Winner!

  • Race: Terran Terran
  • League: Grandmaster
  • Spawn Location: 11:00

MaSa

  • Race: Terran Terran
  • League: Master
  • Spawn Location: 5:00

Event: Cheeseadelphia 8

VOD

Have the link to the VOD?

Description

Time

  • Played on: Dec. 9, 2018, 2:51 p.m.
  • Length: 9:44

All games in this series

Show
View Real Time Build Order
Export as new Build Order

Future Terran - Winner!

Build Orders: Gas First Reaper Expand 

Get SALT Encoding   

  12  0:00  SCV  
  13  0:12  SCV  
  14  0:17  Supply Depot  
  14  0:24  SCV  
  15  0:30  Refinery  
  15  0:39  SCV  
  16  0:45  Barracks  
  16  0:51  SCV  
  17  1:03  SCV  
  18  1:15  SCV  
  19  1:32  Reaper, Orbital Command  
  20  1:43  Command Center  
  20  1:55  Factory  
  20  1:59  SCV  
  21  2:04  Refinery  
  21  2:07  Barracks Reactor  
  21  2:11  SCV  
  22  2:17  Supply Depot  
  22  2:23  SCV  
  23  2:39  SCV  
  23  2:41  Hellion, Starport  
  26  2:45  Marine  
  26  2:46  Marine  
  29  2:51  SCV  
  29  2:58  Orbital Command  
  29  3:03  Marine, SCV  
  31  3:06  Marine  
  31  3:11  Factory Tech Lab  
  32  3:15  SCV  
  33  3:21  Marine  
  33  3:24  Marine  
  35  3:27  Starport Tech Lab  
  35  3:28  SCV x2  
  35  3:33  Cyclone  
  40  3:40  SCV x2  
  42  3:41  Supply Depot  
  42  3:44  Marine  
  43  3:52  Raven, SCV  
  46  3:57  SCV  
  45  4:03  Marine x2  
  45  4:04  SCV  
  45  4:05  Siege Tank  
  45  4:08  Supply Depot  
  45  4:09  SCV  
  52  4:16  Supply Depot, SCV  
  53  4:21  SCV  
  52  4:30  SCV  
  55  4:33  SCV  
  54  4:42  SCV  
  54  4:44  Barracks  
  55  4:45  SCV  
  55  4:46  Starport Reactor, Barracks  
  55  4:47  Stimpack  
  55  4:48  Marine  
  56  4:54  Supply Depot, SCV  
  56  4:57  Engineering Bay  
  56  4:58  SCV  
  56  4:59  Siege Tank  
  61  5:05  Marine  
  61  5:06  SCV  
  63  5:07  Refinery  
  63  5:09  Refinery  
  63  5:10  SCV  
  63  5:13  Supply Depot  
  64  5:18  SCV  
  65  5:22  SCV  
  65  5:23  Marine  
  65  5:28  Starport Reactor  
  67  5:30  SCV  
  67  5:33  Terran Infantry Weapons Level 1  
  67  5:35  Marine x2  
  70  5:40  Supply Depot  
  70  5:41  Marine  
  71  5:43  Marine x2, Siege Tank  
  76  5:50  Supply Depot  
  76  5:53  Marine x2  
  78  5:59  Marine  
  78  6:01  Marine x2  
  81  6:05  Medivac x2  
  81  6:09  Supply Depot  
  81  6:11  Command Center  
  85  6:14  Supply Depot  
  85  6:15  Marine x2, Siege Tank  
  85  6:17  Marine  
  91  6:20  SCV x2  
  93  6:34  Marine  
  93  6:35  Medivac x2, Marine x3  
  93  6:36  Supply Depot  
  101  6:47  Siege Tank  
  101  6:51  Barracks  
  101  6:52  Barracks  
  104  6:59  Marine x4  
  104  7:00  Marine  
  104  7:01  Combat Shield  
  109  7:08  SCV  
  109  7:09  SCV  
  111  7:19  Marine x4, Siege Tank  
  111  7:20  SCV  
  111  7:21  Marine, SCV  
  121  7:27  Terran Infantry Armor Level 1  
  121  7:36  SCV  
  115  7:37  Marine x2  
  115  7:40  Marine  
  115  7:41  Marine  
  115  7:43  Medivac x2  
  106  7:46  Barracks Reactor  
  106  7:48  SCV x2  
  107  7:51  Siege Tank  
  107  7:56  Marine  
  107  7:58  Marine, Orbital Command  
  103  8:00  SCV x2  
  103  8:01  Marine  
  103  8:02  Barracks Reactor  
  103  8:03  Marine  
  99  8:10  Marine  
  99  8:12  SCV  
  94  8:13  SCV  
  94  8:14  Marine  
  94  8:16  Marine  
  94  8:18  Marine  
  96  8:21  Marine  
  93  8:27  SCV  
  93  8:28  Armory, Marine, Engineering Bay, SCV  
  93  8:31  SCV  
  93  8:32  Marine  
  93  8:33  Marine  
  97  8:35  Siege Tank  
  97  8:39  Marine  
  97  8:40  Marine, SCV x2  
  104  8:41  Marine  
  104  8:44  Medivac x2, SCV  
  104  8:45  Marine  
  104  8:48  Marine  
  109  8:51  Marine  
  109  8:52  SCV  
  109  8:53  SCV  
  109  8:54  Supply Depot  
  105  8:57  Refinery, Marine, SCV  
  105  8:58  Sensor Tower, Marine  
  105  9:01  Marine  
  105  9:02  Marine  
  109  9:06  Marine  
  109  9:07  Siege Tank  
  109  9:08  SCV x2  
  115  9:12  Marine x2  
  115  9:13  Marine  
  115  9:14  Marine  
  115  9:15  Marine  
  115  9:16  Marine  
  113  9:19  Marine x2  
  111  9:24  Marine  
Show
View Real Time Build Order
Export as new Build Order

MaSa Terran 

Build Orders: Hellion Opening 

Get SALT Encoding   

  12  0:00  SCV  
  13  0:12  SCV  
  14  0:17  Supply Depot  
  14  0:25  SCV  
  15  0:29  Refinery  
  15  0:39  SCV  
  16  0:45  Barracks  
  16  0:51  SCV  
  16  0:56  Refinery  
  17  1:03  SCV  
  18  1:15  SCV  
  19  1:33  Factory, Orbital Command  
  19  1:36  Reaper  
  20  1:50  Supply Depot  
  20  1:59  SCV  
  22  2:08  Reaper  
  22  2:11  SCV  
  23  2:18  Hellion  
  25  2:23  SCV  
  25  2:27  Command Center  
  26  2:35  SCV  
  27  2:39  Hellion  
  27  2:40  Supply Depot  
  27  2:41  Barracks Reactor  
  29  2:47  SCV  
  30  2:54  Starport  
  30  2:59  SCV  
  31  3:11  SCV  
  32  3:22  Hellion x2  
  32  3:23  SCV  
  32  3:25  Barracks Tech Lab  
  37  3:35  SCV  
  37  3:38  Orbital Command  
  38  3:46  Raven  
  38  3:48  SCV  
  41  3:55  Hellion x2  
  45  4:00  SCV  
  46  4:02  Supply Depot  
  46  4:05  SCV  
  46  4:07  Barracks Tech Lab  
  47  4:12  SCV  
  47  4:15  Command Center  
  48  4:17  SCV  
  43  4:24  SCV  
  43  4:29  Raven, SCV  
  47  4:35  Marine x2  
  47  4:36  SCV, Siege Tank  
  52  4:41  SCV  
  52  4:43  Supply Depot  
  53  4:46  Refinery  
  53  4:48  SCV  
  54  4:53  SCV  
  54  4:54  Marine x2  
  54  4:58  Refinery  
  57  5:00  SCV  
  57  5:02  Supply Depot  
  57  5:05  SCV  
  59  5:08  Siege Tank  
  59  5:12  SCV  
  63  5:18  SCV  
  63  5:20  Marine  
  65  5:23  Viking  
  65  5:24  SCV  
  68  5:29  Orbital Command  
  68  5:30  SCV  
  68  5:33  Viking  
  71  5:36  SCV  
  71  5:41  Marine, Siege Tank  
  71  5:42  SCV  
  77  5:49  SCV  
  78  5:52  Barracks, Orbital Command  
  78  5:53  Barracks  
  78  5:58  Viking  
  78  5:59  SCV  
  78  6:03  SCV  
  82  6:07  Supply Depot  
  82  6:09  Viking  
  82  6:10  Marine  
  85  6:14  Refinery, SCV  
  85  6:18  Siege Tank  
  89  6:25  Supply Depot  
  89  6:27  SCV  
  89  6:28  Marine  
  89  6:29  SCV  
  89  6:31  Stimpack  
  89  6:32  SCV  
  91  6:42  SCV  
  91  6:45  Barracks Reactor x2  
  91  6:47  Barracks x2, SCV x2  
  89  6:51  Siege Tank  
  89  6:53  Viking  
  95  6:54  SCV  
  95  6:58  Marine  
  97  7:01  Engineering Bay  
  97  7:04  Engineering Bay  
  97  7:06  SCV x2  
  97  7:07  Viking  
  99  7:11  SCV  
  99  7:13  Supply Depot  
  100  7:15  Supply Depot  
  100  7:16  Marine  
  100  7:21  SCV x2  
  100  7:22  Marine x3  
  105  7:23  Viking  
  105  7:24  Marine  
  108  7:34  Marine  
  92  7:39  SCV  
  92  7:42  Viking, Marine x4  
  93  7:45  SCV  
  93  7:49  Orbital Command  
  88  7:52  Marine  
  88  7:53  Barracks Reactor  
  88  7:54  Barracks Reactor  
  70  7:59  Marine, SCV  
  70  8:03  Marine x2  
  70  8:04  SCV  
  70  8:07  Marine  
  70  8:10  Marine  
  70  8:12  SCV  
  69  8:16  Viking x2, SCV  
  69  8:17  Marine  
  72  8:20  Marine  
  72  8:21  Marine  
  72  8:25  SCV  
  72  8:26  Marine  
  74  8:28  Marine, SCV  
  70  8:35  Marine  
  70  8:41  Marine x4  
  59  8:42  SCV  
  59  8:44  Marine  
  59  8:45  Marine  
  59  8:46  Viking x2  
  59  8:47  Orbital Command  
  62  8:50  Marine, SCV  
  62  8:53  Marine  
  62  8:54  SCV  
  58  9:01  Marine  
  58  9:02  Marine x2  
  57  9:10  Marine x2  
  57  9:11  Marine  
Tags
 
Add a new tag
Caveats
  • Supply blocks, unpowered buildings, or Contaminate may cause inaccurate times.
  • Supply counts are checked every 10 seconds.